cohdb
Replays
Latest Replays
All Replays
Popular Replays
Top Player Replays
Match Explorer
How It Works
Community
CoH3 Stats
Reddit
Sign in to upload your games and track your stats! →
Sign in with Steam
Match 45519692
Unlisted
Match 45519692
Overview
Messages
Build Orders
End
Selects Italian Infantry
Kradschützen Motorcycle Team
Panzergrenadier Squad
250 Light Carrier
Construct Light Support Kompanie
Selects Defensive Operations
Assault Grenadier Squad
Panzerjäger Squad
Fire Support Elements
Flakvierling Half-track
Assault Grenadier Squad
Selects Guastatori Squad
2.5-tonne Medical Truck
Panzerjäger Mechanized Group
Construct Mechanized Kompanie
Selects Registered Artillery
Registered Artillery
8 Rad Armored Car
Marder III Tank Destroyer
Guastatori Squad
Registered Artillery
le.IG 18 Mechanized Group
Registered Artillery
Selects Towed Cannone da 105/28 Field Howitzer
Selects Prepared Positions
StuG III D Assault Gun
Towed Cannone da 105/28 Field Howitzer
Pak 38 Mechanized Group
WarDogOllie
Storm
Skull Throne
Kray-Tos
0
0
Comments
sign in to comment!
No comments posted yet!